 Dungeon Crawl Stone Soup version 0.29.1-1-gd02db6906a (webtiles) character file.

Game seed: 16568774935782130254

248 Groucho the Ducker (level 5, -11/25 HPs)
             Began as a Felid Berserker on Oct 9, 2022.
             Was a Believer of Trog.
             Killed by nerve-wracking pain
             ... invoked by an orc priest
              (13 damage)
             ... on level 4 of the Dungeon.
             The game lasted 00:04:05 (4153 turns).

Groucho the Ducker (Felid Berserker)                Turns: 4153, Time: 00:04:06

Health: -11/25     AC:  1    Str: 13    XL:     5   Next: 86%
Magic:  6/6        EV: 20    Int:  9    God:    Trog [**....]
Gold:   132        SH:  5    Dex: 17    Spells: 4/4 levels left
                                        Lives:  0   Deaths: 1

rFire   . . .      SeeInvis +     - Unarmed
rCold   . . .      Faith    .   (shield unavailable)
rNeg    . . .      Spirit   .   (body armour unavailable)
rPois   .          Reflect  +   (helmet unavailable)
rElec   .          Harm     .   (cloak unavailable)
rCorr   .          Rampage  .   (gloves unavailable)
Will    .....                   (boots unavailable)
Stlth   +++.......              e - amulet of reflection
HPRegen 0.08/turn               b - ring of flight
MPRegen 0.10/turn               (no ring)

@: flying, quick
A: very small, claws 1, fangs 3, see invisible, speed 1, shaggy fur 1, stealthy
paws, no weapons or thrown items, no armour, multi-lived
a: Renounce Religion, Berserk, Trog's Hand


You were on level 4 of the Dungeon.
You worshipped Trog.
Trog was pleased with you.
You visited 1 branch of the dungeon, and saw 4 of its levels.

You collected 132 gold pieces.

Inventory:

Jewellery
 b - a ring of flight (left paw)
 e - an amulet of reflection (around neck)
Wands
 l - a wand of paralysis (4)
Scrolls
 c - 2 scrolls of fear {unknown}
 d - 5 scrolls of identify {unknown}
 f - a scroll of vulnerability {unknown}
 g - 2 scrolls of magic mapping {unknown}
 h - a scroll of immolation {unknown}
 k - a scroll of blinking {unknown}
Potions
 a - a potion of heal wounds
 i - a potion of invisibility {unknown}
 j - 2 potions of curing {unknown}


   Skills:
 + Level 4.2 Fighting
 + Level 5.7 Dodging
 + Level 4.1 Stealth
 + Level 4.2 Unarmed Combat


You had 4 spell levels left.
You didn't know any spells.
Your spell library was empty.

Dungeon Overview and Level Annotations

Branches:
Dungeon (4/15)
 Temple: D:4-7

Altars:

Shops:
D:2 (

Annotations:
D:4 Pikel


Innate Abilities, Weirdness & Mutations

You have sharp claws.
You have razor-sharp teeth.
You have supernaturally acute eyesight. (SInv)
You cover ground quickly. (Speed+)
You are covered in fur. (AC +1)
Your paws help you pounce on unaware monsters.
You are incapable of wielding weapons or throwing items.
You cannot wear armour.
You gain extra lives every three experience levels.


Message History

The orc shouts!
You claw the orc!
You kill the orc!
Trog accepts your kill.
No target in view!
No target in view!
No target in view!
An orc priest comes into view. It is wielding a +0 mace.
An orc priest is nearby!
Items here: ! ) = †.
An orc wizard comes into view. It is wielding a +0 war axe.
The orc wizard shouts!
The orc wizard points at you and mumbles some strange words.
The puff of flame hits you!
You are too injured to fight recklessly!
You are too injured to fight recklessly!
You are too injured to fight recklessly!
Unknown command.
Things that are here:
a +0 dagger; a +0 ring mail; an orc corpse
Items here: )) [[ †.
You start resting.
An orc priest is nearby!
You are too injured to fight recklessly!
You are too injured to fight recklessly!
The orc priest hits you with a +0 mace!
* * * LOW HITPOINT WARNING * * *
You scratch the orc priest.
You bite the orc priest, but do no damage.
The orc priest is lightly wounded.
You block the orc priest's attack.
You scratch the orc priest.
The orc priest is moderately wounded.
The orc priest looks satisfied for a moment.
You claw the orc priest! Your bite misses the orc priest.
The orc priest is almost dead.
The orc priest invokes the aid of Beogh against you.
Pain shoots through your body!
Ouch! That really hurt!
You die...

#...# #..........# #...#
#.#(########.# #...#
#.#.########.# #...#
#.#.#........# ##...##
#.#.#.######## ?#.....####
#.#...........
....♣...♣..)####.###.#####..#
...........).....#......##...
..♣...>...♣o@................
.........)o##..###....)......
....♣...♣.####.# #..#...#####
...#...........# #<.#...#
...#...........# ##.#)..# ..
#............. ..#...#
............... ###...#
............... ##...#.#
............... #.)....#


You could see an orc priest and an orc wizard.

Vanquished Creatures
  An ogre (D:4)
  A howler monkey (D:4)
  An orc priest (D:4)
  An orc wizard (D:4)
  4 adders
  A shadow imp (D:4)
  A worm (D:2)
  A dart slug (D:2)
  6 orcs
  10 bats
  11 endoplasms
  3 giant cockroaches
  4 goblins
  4 hobgoblins
  7 kobolds
  4 quokkas
  3 ball pythons
  7 rats
70 creatures vanquished.

Notes
Turn   | Place    | Note
-------+----------+-------------------------------------------
     0 | D:1      | Groucho the Felid Berserker began the quest for the Orb.
     0 | D:1      | Reached XP level 1. HP: 10/10 MP: 2/2
   514 | D:1      | Reached skill level 1 in Stealth
   524 | D:1      | Reached XP level 2. HP: 14/14 MP: 3/3
  1724 | D:1      | Reached XP level 3. HP: 11/17 MP: 4/4
  2175 | D:2      | Reached ** piety under Trog
  2514 | D:2      | Found Wylisu's Weapon Shoppe.
  2683 | D:2      | Found a faded altar of an unknown god.
  2748 | D:2      | Reached XP level 4. HP: 18/21 MP: 5/5
  3315 | D:3      | You are sucked into a shaft and drop 1 floor!
  3346 | D:4      | Noticed Pikel
  3346 | D:4      | Noticed a lemure
  3346 | D:4      | Noticed a lemure
  3346 | D:4      | Noticed a lemure
  3346 | D:4      | Noticed a lemure
  3365 | D:4      | Slain by Pikel
  3366 | D:4      | Reached XP level 3. HP: 0/25 MP: 4/4
  3393 | D:4      | Reached skill level 5 in Dodging
  3393 | D:4      | Reached XP level 4. HP: 22/22 MP: 5/5
  3850 | D:4      | Noticed an ogre
  3863 | D:4      | Killed an ogre
  3864 | D:4      | Reached XP level 5. HP: 25/25 MP: 6/6
  4153 | D:4      | Killed from afar by an orc priest

Illustrated notes

Levels and vault maps discovered:
D:1:      amcnicky_arrival_feature_with_door, layout_basic,
          kennysheep_minor_cross
D:2:      layout_basic, serial_shops, nicolae_shop_bloodbath_and_beyond,
          ebering_ecumenical_altar_rust, minmay_heptomino_l4
D:3:      layout_basic, xom_redecorated, minmay_close_crescents, uniq_grinder
D:4:      layout_basic, kennysheep_little_box, hangedman_abyss_or_decor_passed,
          nrook_uturn, grunt_ministairs_2, grunt_decor_arrowhead, uniq_pikel

Skill      XL: |  1  2  3  4  5 |
---------------+----------------+-----
Stealth        | 1 3 4 |  4.1
Dodging        | 5 |  5.7
Fighting       | 4 |  4.2
Unarmed Combat | 4 |  4.2

Action                   |  1- 3 |  4- 6 || total
-------------------------+-------+-------++-------
Melee: Unarmed           |   112 |    99 ||   211
       Bite              |     9 |    11 ||    20
       Punch             |     2 |     1 ||     3
Invok: Berserk           |       |     2 ||     2
       Trog's Hand       |       |     1 ||     1
  Use: Potion            |       |     1 ||     1
 Stab: Sleeping          |    11 |     2 ||    13
Armor: Skin              |    17 |     1 ||    18
Dodge: Dodged            |    79 |    63 ||   142
Block: Other             |     7 |    14 ||    21
